 Dungeon Crawl Stone Soup version 0.28.0-53-g5a82cb258f (webtiles) character file.

Game seed: 10554666588500628415

415 nicanaca0 the Cudgeller (level 6, -1/37 HPs)
             Began as a Gargoyle Berserker on June 16, 2022.
             Was a Believer of Trog.
             Slain by an endoplasm (2 damage)
             ... on level 3 of the Dungeon.
             The game lasted 00:08:16 (4270 turns).

nicanaca0 the Cudgeller (Gargoyle Berserker)        Turns: 4270, Time: 00:08:16

Health: -1/37      AC:  1    Str: 21    XL:     6   Next: 92%
Magic:  6/6        EV:  8    Int:  9    God:    Trog [**....]
Gold:   140        SH:  0    Dex:  9    Spells: 5/5 levels left

rFire   . . .      SeeInvis .   b - +0 morningstar
rCold   . . .      Faith    .   (no shield)
rNeg    + . .      Spirit   .   l - +0 chain mail
rPois   ∞          Reflect  .   (no helmet)
rElec   +          Harm     .   (no cloak)
rCorr   .          Rampage  .   (no gloves)
Will    .....                   (no boots)
Stlth   ..........              (no amulet)
HPRegen 0.12/turn               (no ring)
MPRegen 0.10/turn               (no ring)

@: corroded, on berserk cooldown, slowed, very slow
A: sickness immunity, AC +4, negative energy resistance 1, electricity
resistance, torment resistance 1, petrification resistance
a: Renounce Religion, Berserk, Trog's Hand


You were on level 3 of the Dungeon.
You worshipped Trog.
Trog was pleased with you.
You visited 1 branch of the dungeon, and saw 3 of its levels.
You also visited: Sewer.

You collected 140 gold pieces.

Inventory:

Hand Weapons
 a - a +0 mace
 b - a +0 morningstar (weapon)
Missiles
 c - 79 stones (quivered)
Armour
 j - a +2 leather armour of positive energy
 l - a +0 chain mail (worn)
 m - a +0 tower shield
 t - a +0 helmet
Wands
 g - a wand of iceblast (7)
 s - a wand of acid (5)
Scrolls
 i - a scroll of immolation {unknown}
 k - a scroll of fog {unknown}
 n - a scroll of holy word {unknown}
 o - a scroll of enchant weapon {unknown}
 p - 3 scrolls of teleportation {unknown}
 q - 2 scrolls of vulnerability {unknown}
 r - 2 scrolls of acquirement {unknown}
Potions
 d - a potion of cancellation {unknown}
 e - a potion of brilliance {unknown}
 f - 5 potions of flight
 h - 3 potions of mutation


   Skills:
 + Level 3.5 Fighting
 * Level 7.3 Maces & Flails
 + Level 2.5 Armour
 - Level 1.5 Dodging


You had 5 spell levels left.
You didn't know any spells.
Your spell library was empty.

Dungeon Overview and Level Annotations

Branches:
Dungeon (3/15)              Sewer (visited)

Altars:
Hepliaklqana
Uskayaw

Shops:
D:3 *


Innate Abilities, Weirdness & Mutations

You are immune to sickness and miasma.
Your stone body is resilient. (AC +4)
You are immune to poison.
You resist negative energy. (rN+)
You are resistant to electric shocks. (rElec)
You are resistant to unholy torment.
You are immune to petrification.


Message History

You are too injured to fight recklessly!
You are too injured to fight recklessly!
You are too injured to fight recklessly!
You hit the jelly.
Your hands burn!
The jelly is moderately wounded.
A nearby fungus withers and dies.
Something hits the fungus.
The jelly hits you. The acid corrodes you!
You are splashed with acid!
You thump the jelly!
You kill the jelly!
Trog accepts your kill.
Something hits the fungus. x2
You barely miss the jelly.
Something hits the fungus.
The jelly hits you but does no damage.
You puncture the jelly! The acid corrodes you!
Your hands burn!
The jelly is almost dead.
A nearby fungus withers and dies.
The jelly hits you.
* * * LOW HITPOINT WARNING * * *
The acid corrodes you!
You are splashed with acid!
* * * LOW HITPOINT WARNING * * *
You sock the jelly!
You kill the jelly!
Trog accepts your kill.
You sock the endoplasm!
You kill the endoplasm!
Trog accepts your kill.
You impale the jelly!!
You kill the jelly!
Trog accepts your kill.
You are no longer berserk.
You are exhausted.
You feel yourself slow down. The endoplasm hits you.
* * * LOW HITPOINT WARNING * * *
The endoplasm hits you.
* * * LOW HITPOINT WARNING * * *
The endoplasm freezes you.
You are frozen.
* * * LOW HITPOINT WARNING * * *
There is an open door here.
The endoplasm hits you.
You die...

##.....###...# #
#.......##...######
#.......##.......##
#.......##...###.##
#.......##...# #.##
#....###########.##
#....'..####...#...
########.##...[..##
##@)....###......#
#J####### #......#
#JJ.J÷P... #......#
#...÷..... ##...### ###
#÷........ #...#
##.###########....÷..P.
##.##
#.#.........##...P.P...
#.#
##.###......##.÷.P.÷..!
#.# #.#
################## #.#


You could see 3 endoplasms.

Vanquished Creatures
  An ogre (D:2)
  An orc priest (D:3)
  3 jellies (D:3)
  6 river rats
  7 adders
  2 worms
  2 dart slugs (D:1)
  5 orcs (D:3)
  7 bats
  9 endoplasms
  5 giant cockroaches
  A goblin (D:2)
  4 hobgoblins
  4 jackals
  10 kobolds
  3 quokkas
  8 ball pythons
  3 frilled lizards
  3 rats
84 creatures vanquished.

Vanquished Creatures (others)
  3 fungi (D:3)
  6 toadstools (D:3)
9 creatures vanquished.

Grand Total: 93 creatures vanquished

Notes
Turn   | Place    | Note
-------+----------+-------------------------------------------
     0 | D:1      | nicanaca0 the Gargoyle Berserker began the quest for the
                  | Orb.
     0 | D:1      | Reached XP level 1. HP: 14/14 MP: 1/1
   305 | D:1      | Reached XP level 2. HP: 16/19 MP: 2/2
  1123 | D:2      | Reached skill level 4 in Maces & Flails
  1128 | D:2      | Found a faded altar of an unknown god.
  1287 | D:2      | Reached XP level 3. HP: 19/23 MP: 3/3
  1365 | D:2      | Noticed an ogre
  1375 | D:2      | Killed an ogre
  1376 | D:2      | Reached skill level 5 in Maces & Flails
  1376 | D:2      | Reached XP level 4. HP: 28/28 MP: 4/4
  1376 | D:2      | Reached XP level 5. HP: 32/32 MP: 5/5
  1705 | D:2      | Found a hide-covered altar of Uskayaw.
  1832 | D:2      | Reached ** piety under Trog
  1968 | D:3      | Found a glowing drain.
  1997 | Sewer    | Entered a sewer
  2424 | Sewer    | Reached skill level 6 in Maces & Flails
  2886 | Sewer    | Reached XP level 6. HP: 12/37 MP: 6/6
  3778 | D:3      | Reached skill level 7 in Maces & Flails
  3849 | D:3      | Found Juot's Assorted Antiques.
  4144 | D:3      | Found a hazy altar of Hepliaklqana.
  4269 | D:3      | HP: 1/37 [frozen (1)]
  4270 | D:3      | Slain by an endoplasm

Illustrated notes

Levels and vault maps discovered:
D:1:      dpeg_arrival_snail, layout_basic
D:2:      layout_rooms, chequers_ecumenical_altar_island, basic_altar
D:3:      cheibrodos_fertilizer, layout_loops_ring,
          mainiacjoe_overflow_six_doors_small,
          nicolae_dithmenos_through_a_glass_darkly, minitemple, serial_shops,
          nicolae_shop_trees, portal_sewer_entry_b

Skill      XL: |  1  2  3  4  5  6 |
---------------+-------------------+-----
Maces & Flails | 4 5 6 7 |  7.3
Fighting       | |  3.5
Armour         | |  2.5
Dodging        | |  1.5

Action                   |  1- 3 |  4- 6 || total
-------------------------+-------+-------++-------
Melee: Mace              |    67 |   228 ||   295
       Punch             |     1 |     2 ||     3
       Morningstar       |       |    42 ||    42
Throw: Stone             |     6 |       ||     6
Invok: Berserk           |     1 |     2 ||     3
       Trog's Hand       |       |     1 ||     1
  Use: Scroll            |       |     2 ||     2
       Potion            |       |     1 ||     1
 Stab: Sleeping          |     1 |       ||     1
Armor: Animal skin       |    24 |       ||    24
       Leather armour    |    19 |       ||    19
       Chain mail        |       |   212 ||   212
       Scale mail        |       |     8 ||     8
Dodge: Dodged            |    48 |   186 ||   234
